 Dungeon Crawl Stone Soup version 0.32-a0-893-gf85d74f360 (webtiles) character file.

Game seed: 10109523294983459374

11664 AutarchDCSS the Marksminotaur (level 11, -1/90 HPs)
             Began as a Minotaur Hunter on Apr 4, 2024.
             Was a Believer of Hepliaklqana.
             Slain by a skeletal warrior
             ... wielding a +0 glaive
              (21 damage)
             ... on level 10 of the Dungeon.
             The game lasted 00:27:48 (17375 turns).

AutarchDCSS the Marksminotaur (Minotaur Hunter)    Turns: 17375, Time: 00:27:49

Health: -1/90      AC:  7    Str: 16    XL:     11   Next: 52%
Magic:  10/10      EV: 17    Int:  6    God:    Hepliaklqana [**....]
Gold:   680        SH:  0    Dex: 18    Spells: 10/10 levels left

rFire   . . .        P - +1 arbalest (flame)
rCold   . . .        (shield currently unavailable)
rNeg    + . .        c - +0 leather armour
rPois   +            (helmet restricted)
rElec   .            (no cloak)
rCorr   .            B - +2 pair of gloves
SInv    .            r - +0 pair of boots
Will    .....        J - amulet of Xiusi {rPois rN+ RegenMP+}
Stlth   ++           k - ring of flight
HPRegen 0.35/turn    (no ring)
MPRegen 0.52/turn

%: no passive effects
@: flying
A: reduced essence, horns 2, retaliatory headbutt
a: Renounce Religion, Recall Ancestor, Ancestor Identity


You were on level 10 of the Dungeon.
You worshipped Hepliaklqana.
Hepliaklqana was pleased with you.
You visited 2 branches of the dungeon, and saw 12 of its levels.
You also visited: Ossuary and Bailey.

You collected 716 gold pieces.
You spent 36 gold pieces at shops.

Inventory:

Hand Weapons
 a - a +1 shortbow
 L - a +0 orcbow of draining
 N - the +7 lajatang of Xom's Wrath {vamp, Int+5}
   (You took it off a spriggan in a bailey)

   Int+5:     It affects your intelligence (+5).
 P - a +1 arbalest of flaming (weapon)
Missiles
 m - 59 poisoned darts
 F - a throwing net
Armour
 c - a +0 leather armour (worn)
 r - a +0 pair of boots (worn)
 B - a +2 pair of gloves (worn)
 I - the +4 swamp dragon scales of Gestures {*Corrode rPois Str+2 SInv}
   (You took it off a spriggan in a bailey)

   Str+2:     It affects your strength (+2).
   rPois:     It protects you from poison.
   SInv:      It lets you see invisible.
   *Corrode:  It may corrode you when you take damage.
Jewellery
 k - a ring of flight (left hand)
 z - an amulet of faith
 J - the amulet of Xiusi (around neck) {rPois rN+ RegenMP+}
   (You took it off a gnoll on level 9 of the Dungeon)

   [amulet of magic regeneration]

   It increases your rate of magic regeneration.
   rPois:     It protects you from poison.
   rN+:       It protects you from negative energy.
   RegenMP+:  It increases your rate of magic regeneration.
 K - a ring of protection from cold
Wands
 e - a wand of iceblast (2)
 q - a wand of flame (47)
 G - a wand of light (8)
 H - a wand of mindburst (19)
Scrolls
 b - 2 scrolls of fear
 f - 4 scrolls of noise
 g - 3 scrolls of vulnerability
 h - a scroll of amnesia
 l - a scroll of fog {unknown}
 o - 2 scrolls of enchant weapon
 p - 3 scrolls of teleportation
 u - a scroll of blinking
 x - a scroll of silence
 y - a scroll of poison
 C - a scroll of torment
 D - a scroll of enchant armour
 O - a scroll of brand weapon
 Q - a scroll of butterflies
 R - a scroll of revelation {unknown}
 T - a scroll of identify
Potions
 d - 3 potions of brilliance
 i - 2 potions of attraction {unknown}
 j - 3 potions of mutation
 n - 2 potions of cancellation {unknown}
 s - 2 potions of curing
 t - 3 potions of lignification
 v - 2 potions of haste
 w - a potion of ambrosia {unknown}
 A - 3 potions of berserk rage
 E - 5 potions of heal wounds
 M - a potion of enlightenment {unknown}
 S - 2 potions of invisibility {unknown}


   Skills:
 + Level 10.2 Fighting
 * Level 15.5 Ranged Weapons
 + Level 10.0 Dodging
 - Level 0.7 Stealth


You had 10 spell levels left.
You didn't know any spells.
Your spell library contained the following spells:

 Spells                   Type           Power      Damage    Failure   Level
 Cigotuvi's Dreadful Rot  Necr/Alch/Air  0%         N/A       67%         2
 Tukima's Dance           Hex            0%         N/A       88%         3
 Dispel Undead            Necr           0%         3d6       99%         4
 Martyr's Knell           Necr/Summ      0%         N/A       99%         4
 Passage of Golubria      Tloc           0%         N/A       99%         4
 Silence                  Hex/Air        0%         N/A       100%        5
 Yara's Violent Unravell  Hex/Alch       0%         3d3       100%        5
 Lehudib's Crystal Spear  Conj/Erth      0%         10d2      100%        8


Dungeon Overview and Level Annotations

Branches:
Dungeon (11/15)            Temple (1/1) D:5         Ossuary (visited)
 Bailey (visited)
   Lair: D:8-11         Orc: D:9-12

Altars:
Ashenzari
Cheibriados
Dithmenos
Elyvilon
Fedhas
Gozag
Hepliaklqana
Kikubaaqudgha
Makhleb
Nemelex Xobeh
Okawaru
Qazlal
Ru
Sif Muna
Trog
Uskayaw
Vehumet
Wu Jian
Xom
Yredelemnul
Zin
The Shining One
Beogh

Shops:
D:1 :   D:8 *

Portals:
Trove: D:10 (give 5 potions of resistance)

Annotations:
D:4 Ijyb
D:6 2 runed translucent doors, ezpacito's ghost, novice CoCK


Innate Abilities, Weirdness & Mutations

Your life essence is reduced to manifest your ancestor. (-10% HP)
You have a pair of horns on your head.
You reflexively headbutt those who attack you in melee.


Message History

The skeletal warrior hits you from afar with a +0 glaive!!
There is a stone staircase leading up, spattered with blood here.
The skeletal warrior hits you from afar with a +0 glaive!!
* * * LOW HITPOINT WARNING * * *
The skeletal warrior barely misses you.
You fly upwards.
There is a stone staircase leading down here.
You start resting.
HP restored.
You start waiting.
Done waiting.
You start waiting.
Done waiting.
You start waiting.
Done waiting.
Okay, then.
Okay, then.
Unknown command.
Okay, then.
Okay, then.
Okay, then.
Okay, then.
You fly downwards.
There is a stone staircase leading up, spattered with blood here.
The skeletal warrior hits you with a +0 glaive!!
There is a stone staircase leading up, spattered with blood here.
The skeletal warrior hits you with a +0 glaive!!
The skeletal warrior hits you from afar with a +0 halberd!!
* * * LOW HITPOINT WARNING * * *
You fly upwards.
There is a stone staircase leading down here.
You swap places.
The skeletal warrior hits you from afar with a +0 glaive.
* * * LOW HITPOINT WARNING * * *
Meatshield hits the skeletal warrior with a +0 flail.
Meatshield hits the skeletal warrior but does no damage.
The skeletal warrior attacks as it pursues you!
The skeletal warrior hits you from afar with a +0 glaive!!
You die...
Hepliaklqana delivers you to your ancestors.

#.# #.#.#.####.∩#.###### #####.#
#.#.#.# ##......... #.....#
#.#.#.# ###.######
######.#######.#.#.# #...#
.......######....#.######...###
...............R.....##.......#
..####.####.#...z#.#..........#
.........##.##.#.#.####.......###
..####.#.##.##.#@#.# ###...#....
#.# #.#.##.##.#.#.# #(..##.## #.#
##.#.##>##.#.#.#######.###.# #>#
#......................# #.# #.#
#..#.......############# #.#
#.###.....<...################.#
......#####..#......).<........#
#.#########.#.##################
#...........###


You could see the friendly Meatshield the knight and a skeletal warrior (ally
target).

Vanquished Creatures
  2 two-headed ogres
  2 skeletal warriors
  Jeremiah (D:7)
  A kobold demonologist (D:10)
  A troll (D:9)
  A hornet (D:8)
  5 spriggans (Bailey)
  A vampire (D:10)
  2 wraiths
  A wyvern (D:7)
  4 yaks
  A steam dragon (D:7)
  2 water moccasins
  2 ice beasts
  2 ogres
  2 wolves (D:8)
  3 lemures (D:8)
  4 kobold brigands
  2 bullfrogs
  A gnoll sergeant (D:7)
  2 scorpions
  3 killer bees (D:9)
  A jelly (D:5)
  2 howler monkeys
  A centaur zombie (Ossuary)
  A hound (D:5)
  4 orc priests
  2 bombardier beetles
  A gnoll bouda (D:5)
  3 human zombies (Ossuary)
  A sleepcap (D:5)
  6 iguanas
  Natasha (thrice) (D:2)
  8 orc wizards
  5 hound zombies (Ossuary)
  2 mummies (Ossuary)
  13 gnolls
  3 adders
  2 shadow imps
  A white imp (D:7)
  4 adder zombies (Ossuary)
  2 dart slugs
  2 ribbon worms
  42 orcs
  9 ball pythons
  4 endoplasms
  4 giant cockroaches
  10 goblins
  9 hobgoblins
  23 kobolds
  3 quokkas
  6 bats
  4 frilled lizards
  8 gnoll zombies (Ossuary)
  7 jackal zombies (Ossuary)
  5 kobold zombies (Ossuary)
  4 orc zombies (Ossuary)
  9 rats
259 creatures vanquished.

Vanquished Creatures (collateral kills)
  Pikel (D:8)
  An unseen horror (D:6)
  A hornet (D:10)
  2 spriggans (Bailey)
  2 steam dragons
  Grum (D:8)
  5 yaks
  A water moccasin (D:9)
  An orc warrior (D:9)
  2 ice beasts
  2 ogres (Bailey)
  A centaur (D:9)
  A phantom (D:6)
  A lemure (D:8)
  A kobold brigand (D:8)
  A gnoll sergeant (D:9)
  4 killer bees (D:9)
  3 orc priests (D:9)
  A jelly (D:7)
  A gnoll bouda (D:7)
  4 orc wizards
  4 gnolls
  5 orcs
  5 kobolds
51 creatures vanquished.

Vanquished Creatures (others)
  3 knights
  4 ancestors
7 creatures vanquished.

Grand Total: 317 creatures vanquished

Notes
Turn   | Place    | Note
-------+----------+-------------------------------------------
     0 | D:1      | AutarchDCSS the Minotaur Hunter began the quest for the
                  | Orb.
     0 | D:1      | Reached XP level 1. HP: 18/18 MP: 0/0
   105 | D:1      | Found Ungaqeff's Book Boutique.
   162 | D:1      | Reached XP level 2. HP: 25/25 MP: 1/1
   639 | D:2      | Reached skill level 5 in Ranged Weapons
   681 | D:2      | Reached XP level 3. HP: 31/31 MP: 2/2
   768 | D:2      | Noticed Natasha
   772 | D:2      | Killed Natasha
   843 | D:2      | Noticed Natasha
   848 | D:2      | Killed Natasha
   849 | D:2      | Reached XP level 4. HP: 31/40 MP: 3/3
  1449 | D:2      | Noticed Natasha
  1456 | D:2      | Killed Natasha
  1457 | D:2      | Reached skill level 6 in Ranged Weapons
  1796 | D:3      | Reached XP level 5. HP: 46/46 MP: 4/4
  1914 | D:3      | Noticed a fire elemental
  1917 | D:3      | Found a stormy altar of Qazlal.
  1920 | D:3      | Noticed an air elemental
  1920 | D:3      | Noticed a water elemental
  2312 | D:4      | Noticed Ijyb
  2490 | D:4      | Found a sand-covered staircase.
  2497 | Ossuary  | Entered an ossuary
  3063 | Ossuary  | Reached skill level 7 in Ranged Weapons
  3063 | Ossuary  | Reached XP level 6. HP: 51/55 MP: 5/5
  3121 | Ossuary  | Reached skill level 5 in Fighting
  4317 | D:3      | Reached skill level 8 in Ranged Weapons
  4317 | D:3      | Reached XP level 7. HP: 42/61 MP: 6/6
  4891 | D:5      | Entered Level 5 of the Dungeon
  5368 | D:5      | Reached skill level 9 in Ranged Weapons
  5442 | D:5      | Reached XP level 8. HP: 68/69 MP: 7/7
  5712 | D:5      | Found a staircase to the Ecumenical Temple.
  5728 | Temple   | Entered the Ecumenical Temple
  5739 | Temple   | Became a worshipper of Hepliaklqana the Forgotten
  6148 | D:6      | Reached skill level 5 in Dodging
  6717 | D:6      | Found a runed translucent door.
  7682 | D:6      | Found a runed translucent door.
  7682 | D:6      | Noticed ezpacito's ghost (novice CoCK)
  7697 | D:6      | Found a runed translucent door.
  7883 | D:7      | Reached * piety under Hepliaklqana
  7912 | D:7      | Noticed Jeremiah
  7948 | D:7      | Killed Jeremiah
  7949 | D:7      | Reached skill level 10 in Ranged Weapons
  7949 | D:7      | Reached XP level 9. HP: 60/67 MP: 8/8
  9187 | D:7      | Reached skill level 11 in Ranged Weapons
  9711 | D:6      | Reached ** piety under Hepliaklqana
  9712 | D:6      | Remembered your ancestor Meatshield as a knight
 10030 | D:6      | Killed an unseen horror
 10169 | D:6      | Found a roughly hewn altar of Beogh.
 10340 | D:8      | Reached skill level 12 in Ranged Weapons
 10708 | D:7      | Reached XP level 10. HP: 36/81 MP: 9/9
 11346 | D:8      | Noticed Pikel
 11353 | D:8      | Killed Pikel
 11623 | D:8      | Reached skill level 13 in Ranged Weapons
 11905 | D:8      | Found Xameapna's General Store.
 11920 | D:8      | Noticed Grum
 11931 | D:8      | Killed Grum
 11960 | D:8      | Bought a potion of curing for 36 gold pieces
 11982 | D:8      | Identified the +5 quarterstaff of Generosity {antimagic,
                  | rCorr Str+3 Int+4 SInv}
 12938 | D:9      | Reached *** piety under Hepliaklqana
 12951 | D:9      | Found a hide-covered altar of Uskayaw.
 13304 | D:9      | Identified the amulet of Xiusi {rPois rN+ RegenMP+}
 13430 | D:9      | Reached skill level 14 in Ranged Weapons
 13495 | D:9      | Reached skill level 10 in Fighting
 13609 | D:9      | Found a glowing golden altar of the Shining One.
 13622 | D:9      | Found a shadowy altar of Dithmenos.
 13670 | D:9      | Noticed a two-headed ogre
 13690 | D:9      | Killed a two-headed ogre
 13691 | D:9      | Reached XP level 11. HP: 75/89 MP: 10/10
 14021 | D:10     | Entered Level 10 of the Dungeon
 14196 | D:10     | Found a portal to a secret trove of treasure.
 14200 | D:10     | Found a flagged portal.
 14213 | Bailey   | Entered a bailey
 14627 | Bailey   | Noticed a two-headed ogre
 14632 | Bailey   | Killed a two-headed ogre
 14633 | Bailey   | Reached skill level 15 in Ranged Weapons
 14937 | Bailey   | Identified the +4 swamp dragon scales of Gestures {*Corrode
                  | rPois Str+2 SInv}
 15267 | Bailey   | Identified the +7 lajatang of Xom's Wrath {vamp, Int+5}
 15382 | Bailey   | Identified a scroll of acquirement
 15382 | Bailey   | Acquired a +1 arbalest of flaming
 15905 | D:11     | Noticed a skeletal warrior
 15907 | D:11     | Noticed a skeletal warrior
 15907 | D:11     | Noticed a skeletal warrior
 15910 | D:11     | Noticed a skeletal warrior
 15911 | D:11     | Killed a skeletal warrior
 15917 | D:11     | HP: 1/89 [skeletal warrior/+0 halberd (22)]
 16724 | D:10     | Killed a skeletal warrior
 16725 | D:10     | Reached skill level 10 in Dodging
 17375 | D:10     | Slain by a skeletal warrior

Illustrated notes

Levels and vault maps discovered:
D:1:      amcnicky_arrival_wind_blow, layout_basic, serial_shops, shop
D:2:      layout_loops_ring, uniq_natasha
D:3:      layout_basic, nicolae_qazlal_style_of_elements, grunt_decor_fettered
D:4:      corexii_shack_village, layout_loops_ring, enter_ossuary_1,
          kennysheep_generic_room_16, uniq_ijyb
D:5:      layout_basic, minmay_temple_entry_arrows, minmay_hedge_maze
D:6:      minmay_cornered_nines, layout_basic, ebering_ghost_sewer_f,
          hangedman_abyss_or_decor_lesser_grid, grunt_ministairs_3,
          lightli_church_of_beogh
D:7:      layout_cave_pools, uniq_jeremiah
D:8:      layout_cave_pools, serial_shops, nicolae_shop_crystal, uniq_pikel,
          uniq_grum
D:9:      layout_basic, nicolae_uskayaw_dance_studio, tso_oasis_becter,
          nicolae_dithmenos_through_a_glass_darkly
D:10:     layout_loops_ring, enter_trove_0, enter_bailey_2
D:11:     layout_big_octagon, dpeg_lair_monsters, erik_orc_4,
          nicolae_demonic_statue_gallery, uniq_harold, uniq_nergalle
Temple:   dpeg_three_leaves_temple

Skill      XL: |  1  2  3  4  5  6  7  8  9 10 11 |
---------------+----------------------------------+-----
Fighting       | 3 4 5 6 8 10 | 10.2
Ranged Weapons | 5 6 7 8 9 10 12 14 15 | 15.5
Dodging        | 4 8 9 10 | 10.0
Stealth        | |  0.7

Action                     |  1- 3 |  4- 6 |  7- 9 | 10-12 || total
---------------------------+-------+-------+-------+-------++-------
   Fire: Shortbow          |    75 |   323 |   488 |   302 ||  1188
         Orcbow            |       |       |       |    97 ||    97
         Arbalest          |       |       |       |    25 ||    25
 Invoke: Recall Ancestor   |       |       |     3 |     2 ||     5
         Ancestor Life: Kn |       |       |     1 |       ||     1
         Ancestor Identity |       |       |     1 |       ||     1
  Evoke: Wand              |       |       |     8 |     4 ||    12
    Use: Scroll            |       |     6 |     8 |    10 ||    24
         Potion            |       |       |     1 |       ||     1
 Armour: Leather armour    |    17 |   127 |   105 |    60 ||   309
  Dodge: Dodged            |    16 |   110 |   115 |    47 ||   288

Table legend: (Time is in decaauts)
 A = Elapsed time spent in this place.
 B = Non-inter-level travel time spent in this place.
 C = Inter-level travel time spent in this place.
 D = Time resting spent in this place.
 E = Time spent auto-exploring this place.
 F = Levels seen in this place.
 G = Mean time per level.
                   A        B        C        D        E       F      G
               +--------+--------+--------+--------+--------+-----+--------+
         Total |  17338 |  17012 |    326 |   8792 |   5459 |  14 | 1238.4 |
       Dungeon |  15048 |  14722 |    326 |   7120 |   5364 |  11 | 1368.0 |
        Temple |     16 |     16 |      0 |      0 |      0 |   1 |   16.0 |
       Ossuary |   1063 |   1063 |      0 |    723 |      7 |   1 | 1063.0 |
        Bailey |   1210 |   1210 |      0 |    949 |     88 |   1 | 1210.0 |
               +--------+--------+--------+--------+--------+-----+--------+

Top non-repeatable levels by time:
     D:6: 3052 daAuts
     D:9: 1954 daAuts
    D:10: 1950 daAuts
     D:7: 1690 daAuts
     D:3: 1346 daAuts
     D:8: 1292 daAuts
  Bailey: 1210 daAuts
     D:5: 1204 daAuts
 Ossuary: 1063 daAuts
     D:4: 1029 daAuts
     D:2: 872 daAuts
     D:1: 631 daAuts
    D:11: 24 daAuts
  Temple: 16 daAuts
